 Dungeon Crawl Stone Soup version 0.30-b1-2-g02819fbbbe (webtiles) character file.

Game seed: 1267377744002123176

60303 zhorgal the Severer (level 14, -4/141 HPs)
             Began as a Minotaur Berserker on July 7, 2023.
             Was a High Priest of Trog.
             Slain by a troll (9 damage)
             ... on level 2 of the Orcish Mines on July 9, 2023.
             The game lasted 01:20:16 (18173 turns).

zhorgal the Severer (Minotaur Berserker)           Turns: 18173, Time: 01:20:17

Health: -4/141     AC: 19    Str: 25    XL:     14   Next: 56%
Magic:  0/13       EV: 13    Int:  4    God:    Trog [*****.]
Gold:   1053       SH:  0    Dex: 12    Spells: 13/13 levels left

rFire   . . .        Y - +4 battleaxe (flame)
rCold   . . .        (shield currently unavailable)
rNeg    . . .        B - +1 chain mail {rPois}
rPois   +            (helmet restricted)
rElec   .            (no cloak)
rCorr   +            N - +0 pair of gloves
SInv    .            q - +0 pair of boots
Will    +....        w - amulet of guardian spirit Stlth
                     o - +4 ring of protection
HPRegen 0.43/turn    F - ring of resist corrosion
MPRegen 0.13/turn

%: guardian spirit
@: on berserk cooldown, slowed, studying Dodging, very slow
A: horns 2, retaliatory headbutt
a: Renounce Religion, Berserk, Trog's Hand, Brothers in Arms


You were on level 2 of the Orcish Mines.
You worshipped Trog.
Trog was extremely pleased with you.
You visited 3 branches of the dungeon, and saw 18 of its levels.
You visited the Abyss 1 time.
You also visited: Sewer.

You collected 1370 gold pieces.
You spent 317 gold pieces at shops.

Inventory:

Hand Weapons
 s - a +2 heavy broad axe
 H - a +1 war axe
 O - a +0 vampiric battleaxe
 Y - a +4 battleaxe of flaming (weapon)
Missiles
 D - 33 poisoned darts
 K - 8 boomerangs (quivered)
 R - a curare-tipped dart
Armour
 a - a +0 plate armour
 c - the +3 ring mail of the Echidna {rElec Will++ MP+9 Dex-5}
   (You found it on level 5 of the Lair of Beasts)

   Dex:       It affects your dexterity (-5).
   rElec:     It insulates you from electricity.
   MP:        It affects your magic capacity (+9).
   Will:      It greatly increases your willpower.
 q - a +0 pair of boots (worn)
 v - a +2 leather armour of cold resistance
 B - a +1 chain mail of poison resistance (worn)
 E - a +1 ring mail of fire resistance
 N - a +0 pair of gloves (worn)
 Q - a +0 kite shield
 V - a +2 robe of cold resistance
 W - +0 acid dragon scales
Jewellery
 d - an amulet of the acrobat
 o - a +4 ring of protection (left hand)
 w - an amulet of guardian spirit (around neck)
 F - a ring of resist corrosion (right hand)
 U - a ring of ice
Wands
 k - a wand of mindburst (4)
 t - a wand of polymorph (14)
 L - a wand of charming (17)
 T - a wand of roots (6)
Scrolls
 e - 2 scrolls of identify
 g - 5 scrolls of immolation
 h - 3 scrolls of enchant weapon
 l - a scroll of summoning
 p - 4 scrolls of fog
 u - a scroll of blinking
 y - 2 scrolls of silence {unknown}
 G - 4 scrolls of vulnerability {unknown}
 J - 7 scrolls of teleportation {unknown}
 P - 2 scrolls of brand weapon
 S - 2 scrolls of enchant armour
 X - a scroll of magic mapping
Potions
 b - 2 potions of resistance
 f - 5 potions of flight
 i - a potion of ambrosia
 j - 5 potions of heal wounds
 m - 2 potions of magic
 n - 5 potions of mutation
 r - 12 potions of curing
 x - a potion of berserk rage
 z - 3 potions of attraction
 A - 2 potions of haste
 C - a potion of might
 I - 4 potions of brilliance
 M - a potion of lignification
 Z - 3 potions of cancellation


   Skills:
 + Level 17.9 Fighting
 - Level 18.0 Axes
 - Level 9.9 Armour
 - Level 11.1 Dodging
 + Level 9.5 Evocations


You had 13 spell levels left.
You didn't know any spells.
Your spell library was empty.

Dungeon Overview and Level Annotations

Branches:
Dungeon (11/15)            Temple (0/1) D:7            Lair (5/5) D:11
 Shoals (0/4) Lair:3        Snake (0/4) Lair:2        Slime (0/5) Lair:4
    Orc (2/2) D:10            Elf (0/3) Orc:2         Sewer (visited)

Altars:
Ashenzari
Cheibriados
Hepliaklqana
Makhleb
Okawaru
Qazlal
Ru
The Shining One
Jiyva

Shops:
D:2 (:*[   D:4 =   D:6 (   D:7 *=   D:8 *?!   D:9 *   Orc:2 (?

Portals:
Hell: Lair:5

Annotations:
D:7 3 runed translucent doors, PeterLawrence's ghost, novice MiFi


Innate Abilities, Weirdness & Mutations

You have a pair of horns on your head.
You reflexively headbutt those who attack you in melee.


Message History

You furiously retaliate!
You headbutt the ogre!
An ogre comes into view. It is wielding a +0 giant spiked club.
The troll bites you but does no damage. The troll barely misses you.
The troll claws you.
* * * LOW HITPOINT WARNING * * *
Okay, then.
Welcome back, zhorgal the Minotaur Berserker.
Trog says: Kill them all!
Press ? for a list of commands and other information.
Your stone giant goes berserk!
The troll barely misses you. The troll claws you but does no damage.
The troll misses you. The ogre hits you with a +0 giant club!
* * * LOW HITPOINT WARNING * * *
The troll misses you. You furiously retaliate!
You headbutt the troll, but do no damage.
The troll claws you.
* * * LOW HITPOINT WARNING * * *
The troll claws you but does no damage.
The two-headed ogre hits you but does no damage.
The two-headed ogre barely misses you. The ogre barely misses you.
The ogre hits your stone giant with a +0 giant club!!
The ogre hits you with a +0 giant club!
* * * LOW HITPOINT WARNING * * *
Your stone giant hits the ogre!!
The ogre misses you.
You hear a shout!
Items here: $ ))) [.
The two-headed ogre attacks as you move away!
The two-headed ogre hits you with a +0 giant club!
* * * LOW HITPOINT WARNING * * *
The two-headed ogre closely misses you.
Your stone giant hits the ogre!!!
The ogre dies!
Trog accepts your kill.
The ogre hits your stone giant with a +0 giant club!
Your stone giant hits the ogre!!
The ogre dies!
Trog accepts your kill. The ogre hits you but does no damage.
An ogre comes into view. It is wielding a +0 giant club.
The troll bites you but does no damage. The troll claws you!
You die...

((.(###...........
#................
.###...............
..............$....
#.......$........##
#..#.#.......$.##
##..###....O...##
........))OT....#...
.........)CO@....#
....#..).†)CO.......
...#...))#..........
..$.#.#))...........
...#..[.[...........
##...............
#.)[....$.##....
.....O......# #...
∩........$.#...


You could see a two-headed ogre, a cyclops, a troll, 4 ogres and a friendly
stone giant (summoned, berserk).

Vanquished Creatures
  A very ugly thing (Abyss:2)
  Fannar (D:11)
  2 ogre magi (Orc:2)
  5 hydras
  8 two-headed ogres
  A boulder beetle (D:11)
  5 death yaks (Lair:4)
  Urug (D:11)
  An orc high priest (Orc:1)
  A wretched star (Abyss:2)
  A sixfirhy (Lair:5)
  6 skysharks
  A fire crab (D:11)
  A glowing orange brain (Abyss:2)
  A spatial maelstrom (Abyss:2)
  2 deep trolls (Orc:2)
  A wizard (Lair:5)
  A lindwurm (Lair:5)
  5 ugly things
  An orc sorcerer (Orc:1)
  A cyclops (Orc:2)
  3 black mambas (Lair:5)
  14 elephants
  2 merfolk sirens (Lair:3)
  6 cane toads
  A gargoyle (D:10)
  2 smoke demons (Lair:5)
  A kobold demonologist (D:11)
  4 rime drakes
  6 komodo dragons
  5 ice devils (Lair:5)
  A red devil (Lair:5)
  4 polar bears
  A merfolk (Lair:3)
  8 trolls
  Grinder (D:5)
  Prince Ribbit (D:8)
  A hornet (D:7)
  6 blink frogs
  6 dream sheep (Lair:3)
  A large abomination (Abyss:2)
  A small abomination (Abyss:2)
  2 shadows (D:10)
  4 wyverns
  48 yaks
  2 wraiths (D:10)
  3 basilisks
  A steam dragon (D:10)
  3 wargs
  2 water moccasins (Lair:5)
  6 hell hounds
  An acid dragon (D:11)
  8 orc warriors
  2 ice beasts
  3 sky beasts
  16 ogres
  5 centaurs
  3 phantoms
  2 kobold brigands
  8 bullfrogs
  2 scorpions (D:5)
  A gnoll sergeant (D:9)
  A troll zombie (D:10)
  6 wights
  5 howler monkeys
  10 electric eels
  3 hounds
  2 sleepcaps (D:6)
  2 jellies
  5 orc priests
  Jessica (D:3)
  11 orc wizards
  Ijyb (D:3)
  3 iguanas
  A hell rat (Sewer)
  7 ogre zombies (D:10)
  8 gnolls
  9 adders
  3 river rats (Sewer)
  A shadow imp (D:6)
  4 white imps
  2 worms
  3 dart slugs
  46 orcs
  2 ball pythons (D:1)
  5 bats
  3 endoplasms
  2 giant cockroaches
  A goblin (D:3)
  6 hobgoblins
  6 jackals
  12 kobolds
  5 quokkas
  2 frilled lizards (D:1)
  2 goblin skeletons (D:10)
  2 goblin zombies (D:10)
  3 hobgoblin skeletons (D:10)
  5 hobgoblin zombies (D:10)
  An orc skeleton (D:10)
  12 orc zombies (D:10)
  13 rats
  A butterfly (D:7)
461 creatures vanquished.

Vanquished Creatures (collateral kills)
  A merfolk (Lair:3)
  2 ogres (Orc:2)
3 creatures vanquished.

Vanquished Creatures (others)
  An unseen horror (D:11)
  15 fungi
  46 plants
62 creatures vanquished.

Grand Total: 526 creatures vanquished

Notes
Turn   | Place    | Note
-------+----------+-------------------------------------------
     0 | D:1      | zhorgal the Minotaur Berserker began the quest for the Orb.
     0 | D:1      | Reached XP level 1. HP: 19/19 MP: 0/0
   186 | D:1      | Reached XP level 2. HP: 27/27 MP: 1/1
   629 | D:1      | Reached skill level 4 in Axes
   797 | D:2      | Found Ovveor's Armour Shoppe.
   839 | D:2      | Reached XP level 3. HP: 22/33 MP: 2/2
   930 | D:2      | Found Denusche's Book Boutique.
   952 | D:2      | Found Vuycenk's Antique Weapon Shoppe.
  1093 | D:2      | Found Giebuca's General Store.
  1108 | D:2      | Bought a potion of curing for 33 gold pieces
  1108 | D:2      | Bought a scroll of fear for 44 gold pieces
  1536 | D:3      | Found a faded altar of an unknown god.
  1543 | D:3      | Noticed Ijyb
  1547 | D:3      | Reached ** piety under Trog
  1550 | D:3      | Killed Ijyb
  1551 | D:3      | Reached XP level 4. HP: 41/41 MP: 3/3
  1676 | D:3      | Found an iron altar of Okawaru.
  1733 | D:3      | Found a hazy altar of Hepliaklqana.
  1878 | D:3      | Noticed Jessica
  1885 | D:3      | Killed Jessica
  2339 | D:4      | Reached XP level 5. HP: 37/47 MP: 4/4
  2693 | D:4      | Noticed an ice beast
  2749 | D:4      | Killed an ice beast
  2750 | D:4      | Reached skill level 5 in Fighting
  2750 | D:4      | Reached skill level 5 in Axes
  2750 | D:4      | Reached XP level 6. HP: 49/56 MP: 5/5
  3004 | D:4      | Found Nien's Jewellery Shoppe.
  3343 | D:5      | Entered Level 5 of the Dungeon
  3637 | D:5      | Noticed Grinder
  3660 | D:5      | Killed Grinder
  3661 | D:5      | Reached skill level 5 in Armour
  3661 | D:5      | Reached XP level 7. HP: 8/62 MP: 6/6
  3908 | D:5      | Reached skill level 6 in Axes
  4189 | D:5      | Reached skill level 7 in Axes
  4477 | D:6      | Found a glowing drain.
  4506 | Sewer    | Entered a sewer
  4538 | Sewer    | Reached *** piety under Trog
  4727 | D:6      | Reached skill level 8 in Axes
  4829 | D:6      | Reached XP level 8. HP: 60/70 MP: 7/7
  5066 | D:6      | Reached skill level 9 in Axes
  5169 | D:6      | You fall into a shaft and drop 2 floors!
  5190 | D:8      | Reached skill level 10 in Axes
  5255 | D:7      | Found a staircase to the Ecumenical Temple.
  5270 | D:7      | Found a runed translucent gate.
  5272 | D:7      | Found a runed translucent gate.
  5273 | D:7      | Found a runed translucent gate.
  5273 | D:7      | Noticed PeterLawrence's ghost (novice MiFi)
  5275 | D:7      | Noticed a deep elf pyromancer
  5275 | D:7      | Noticed a green ugly thing
  5279 | D:7      | Noticed a hornet
  5290 | D:7      | Killed a hornet
  5291 | D:7      | Reached skill level 11 in Axes
  5548 | D:7      | Reached XP level 9. HP: 75/75 MP: 8/8
  5581 | D:7      | Found a snail-covered altar of Cheibriados.
  5643 | D:7      | Found Ythrocs's Jewellery Shop.
  5738 | D:6      | Found Yryxt's Antique Weapon Emporium.
  5826 | D:6      | Reached skill level 12 in Axes
  5885 | D:6      | Found a glowing golden altar of the Shining One.
  6359 | D:7      | Reached skill level 13 in Axes
  6382 | D:7      | Found Pieg's Assorted Antiques.
  6397 | D:7      | Bought a scroll of identify for 54 gold pieces
  6397 | D:7      | Bought a scroll labelled LEAXISOWUWN for 27 gold pieces
  6397 | D:7      | Bought a smoky pink potion for 24 gold pieces
  6397 | D:7      | Bought a potion of heal wounds for 135 gold pieces
  6572 | D:8      | Found Toowkae Qona's Magic Scroll Shoppe.
  6592 | D:8      | Noticed a two-headed ogre
  6594 | D:8      | Noticed Prince Ribbit
  6608 | D:8      | Killed a two-headed ogre
  6609 | D:8      | Reached skill level 14 in Axes
  6615 | D:8      | Killed Prince Ribbit
  6834 | D:8      | Found Nela's Assorted Antiques.
  6924 | D:8      | Found Tafajaott's Distillery.
  7042 | D:9      | Reached skill level 15 in Axes
  7042 | D:9      | Reached **** piety under Trog
  7122 | D:9      | Identified the +1 pair of boots of the Watchman {Dex+3}
  7388 | D:9      | Found Acyrhur's Gadget Gallery.
  7396 | D:9      | Reached XP level 10. HP: 83/83 MP: 9/9
  7700 | D:10     | Entered Level 10 of the Dungeon
  7761 | D:10     | Found a broken altar of Ashenzari.
  7837 | D:10     | Found a stormy altar of Qazlal.
  8318 | D:10     | Noticed a two-headed ogre
  8319 | D:10     | Noticed a gargoyle
  8361 | D:10     | Killed a gargoyle
  8362 | D:10     | Reached skill level 16 in Axes
  8378 | D:10     | Killed a two-headed ogre
  8443 | D:10     | Found a staircase to the Orcish Mines.
  8569 | D:10     | Noticed a two-headed ogre
  8574 | D:10     | Killed a two-headed ogre
  8661 | D:10     | Found a sacrificial altar of Ru.
  8824 | D:10     | Reached ***** piety under Trog
  8963 | D:10     | Reached skill level 17 in Axes
  9431 | D:11     | Noticed a boulder beetle
  9447 | D:11     | Killed a boulder beetle
  9448 | D:11     | Reached XP level 11. HP: 97/97 MP: 10/10
  9486 | D:11     | Noticed a fire crab
  9552 | D:11     | Noticed Fannar
  9559 | D:11     | Noticed a green ugly thing
  9563 | D:11     | Killed a fire crab
  9572 | D:11     | Killed Fannar
  9573 | D:11     | Reached skill level 10 in Fighting
  9578 | D:11     | Killed a green ugly thing
  9786 | D:11     | Identified the +0 ring mail of Restlessness {rN++}
  9925 | D:11     | Found a staircase to the Lair.
  9933 | D:11     | Noticed Urug
  9948 | D:11     | Killed Urug
 10228 | Lair:1   | Entered Level 1 of the Lair of Beasts
 10245 | Lair:1   | Reached skill level 18 in Axes
 10279 | Lair:1   | Reached skill level 5 in Dodging
 10589 | Lair:1   | Identified a scroll of acquirement
 10589 | Lair:1   | Acquired a manual of Dodging
 10662 | Lair:1   | Reached XP level 12. HP: 104/112 MP: 11/11
 10717 | Lair:1   | You fall into a shaft and drop 1 floor!
 10902 | Lair:2   | Noticed a six-headed hydra
 10917 | Lair:2   | Killed a 12-headed hydra
 10980 | Lair:2   | Found a staircase to the Snake Pit.
 11121 | Lair:1   | Received a gift from Trog
 12536 | Lair:3   | Found a staircase to the Shoals.
 12552 | Lair:3   | HP: 5/115 [merfolk/+2 trident of freezing (3)]
 12906 | Lair:3   | Acquired a +2 heavy broad axe
 12954 | Lair:3   | Reached skill level 10 in Dodging
 13990 | Lair:3   | Reached skill level 1 in Evocations
 14314 | Lair:4   | Noticed a death yak
 14314 | Lair:4   | Noticed a death yak
 14345 | Lair:4   | Noticed a death yak
 14346 | Lair:4   | Noticed a death yak
 14346 | Lair:4   | Noticed a death yak
 14352 | Lair:4   | Killed a death yak
 14353 | Lair:4   | Killed a death yak
 14354 | Lair:4   | Reached XP level 13. HP: 124/124 MP: 10/12
 14914 | Lair:4   | Found a viscous altar of Jiyva.
 14914 | Lair:4   | Found a staircase to the Slime Pits.
 15291 | Lair:5   | Entered Level 5 of the Lair of Beasts
 15532 | Lair:5   | Reached skill level 15 in Fighting
 15534 | Lair:5   | Reached skill level 5 in Evocations
 16216 | Abyss:2  | Cast into level 2 of the Abyss (a wizard)
 16231 | Abyss:2  | Found a corrupted altar of Lugonu.
 16373 | Abyss:2  | Noticed a red very ugly thing
 16397 | Abyss:2  | Killed a white very ugly thing
 16398 | Abyss:2  | Reached XP level 14. HP: 72/138 MP: 9/13
 16448 | Lair:5   | Escaped the Abyss
 16662 | Lair:5   | Found a burning altar of Makhleb.
 16778 | Lair:5   | Reached ****** piety under Trog
 16788 | Lair:5   | HP: 7/140 [red devil/+2 demon trident of flaming (1)]
 16789 | Lair:5   | Received a gift from Trog
 17105 | Lair:5   | Found a gateway to Hell.
 17112 | Lair:5   | Identified the +3 ring mail of the Echidna {rElec Will++
                  | MP+9 Dex-5}
 17685 | Orc:1    | Entered Level 1 of the Orcish Mines
 18092 | Orc:2    | Entered Level 2 of the Orcish Mines
 18092 | Orc:2    | Found a staircase to the Elven Halls.
 18151 | Orc:2    | Received a gift from Trog
 18152 | Orc:2    | Found Usuos's Magic Scroll Emporium.
 18159 | Orc:2    | Found Detecw's Weapon Shop.
 18173 | Orc:2    | HP: 4/141 [two-headed ogre/+0 giant club (9)]
 18173 | Orc:2    | Slain by a troll

Illustrated notes

Levels and vault maps discovered:
D:1:      elethiomel_arrival_maze, layout_loops_ring
D:2:      layout_loops_ring, serial_shops, shop, shop_statue, shop,
          nicolae_book_shop_shelving
D:3:      cheibrodos_old_hovel, layout_basic, nicolae_hepliaklqana_hazy_memory,
          okawaru_metal_pillars_3, basic_ecumenical_altar, serial_glass,
          glass_columns_b, glass_columns_b, minmay_strange_pillars,
          minmay_strange_pillars, due_unseen_surprise, uniq_ijyb, uniq_jessica
D:4:      layout_loops_ring, serial_shops, nicolae_shop_tiny_real_fake_doors,
          kennysheep_generic_room_11
D:5:      layout_basic, uniq_grinder
D:6:      layout_loops_corners, tso_altar, serial_shops,
          nicolae_shop_real_fake_doors, portal_sewer_entry_c
D:7:      layout_rooms, mainiacjoe_overflow_boulevard,
          minmay_temple_entry_butterflies, serial_shops, shop,
          gammafunk_ghost_split, corexii_corridor_pit,
          minmay_shop_enchanted_jewellery
D:8:      layout_rooms, serial_shops, nicolae_shop_crystal,
          nicolae_shop_tiny_glass, nicolae_shop_behind_doors,
          uniq_prince_ribbit1
D:9:      layout_cross, nicolae_shop_gadgets
D:10:     layout_stronghold, nicolae_qazlal_style_of_elements,
          cheibrodos_ashenzari_chains, general_overflow_altar,
          zombieorc2_lemuel, minmay_increasing_density
D:11:     layout_basic, minmay_lair_entry_lava, uniq_urug, uniq_fannar
Lair:1:   layout_gridlike, portal_ice_cave_entry_pillars_1,
          serial_bayou_lagoon_b
Lair:2:   layout_loops_ring, dummy_snake_entry
Lair:3:   layout_cave_pods, elwin_shoals_entry_stream, enter_volcano_3
Lair:4:   layout_gridlike, slime_entry_1, disabler_island, grunt_megastairs_4,
          infiniplex_staircase_pool
Lair:5:   evil_forest, layout_regular_city
Orc:1:    layout_caves
Orc:2:    st_orc_open, layout_caves, nicolae_orc_tapped_out

Skill      XL: |  1  2  3  4  5  6  7  8  9 10 11 12 13 14 |
---------------+-------------------------------------------+-----
Fighting       | 4 5 9 12 14 16 17 | 17.9
Axes           | 4 5 8 11 15 17 18 | 18.0
Armour         | 3 4 5 7 9 |  9.9
Dodging        | 3 4 6 11 | 11.1
Evocations     | 2 7 9 |  9.5

Action                     |  1- 3 |  4- 6 |  7- 9 | 10-12 | 13-15 || total
---------------------------+-------+-------+-------+-------+-------++-------
  Melee: Hand axe          |    65 |   102 |       |       |       ||   167
         Headbutt          |     6 |    19 |    41 |   105 |    60 ||   231
         Punch             |       |     4 |     2 |       |       ||     6
         War axe           |       |       |   165 |       |       ||   165
         Battleaxe         |       |       |    61 |   496 |   286 ||   843
  Throw: Stone             |       |       |       |     6 |       ||     6
         Boomerang         |       |       |       |     3 |       ||     3
 Invoke: Berserk           |     1 |     2 |     3 |     6 |     2 ||    14
         Trog's Hand       |       |     1 |       |     2 |     1 ||     4
         Brothers in Arms  |       |       |       |       |     1 ||     1
  Evoke: Wand              |       |       |       |     2 |     4 ||     6
    Use: Scroll            |       |       |    15 |    11 |     3 ||    29
         Potion            |       |       |       |     1 |     1 ||     2
 Armour: Animal skin       |     3 |       |       |       |       ||     3
         Ring mail         |    27 |    32 |    88 |     6 |       ||   153
         Leather armour    |       |     7 |       |       |       ||     7
         Chain mail        |       |       |       |   215 |   181 ||   396
  Dodge: Dodged            |    45 |    48 |   120 |   206 |   194 ||   613
